 Dungeon Crawl Stone Soup version coffee-0.2.0 (webtiles) character file.

Game seed: 8974808855427708887, levelgen mode: deterministic

135 Dorkslayer the Conjurer (level 5, -6/31 HPs)
             Began as an Octopode Conjurer on Sept 5, 2020.
             Was a Follower of Vehumet.
             Mangled by Natasha (9 damage)
             ... on level 3 of the Dungeon.
             The game lasted 00:12:34 (2007 turns).

Dorkslayer the Conjurer (Octopode Conjurer)         Turns: 2007, Time: 00:12:34

Health: -6/31      AC:  1    Str:  7    XL:     5   Next: 18%
Magic:  2/8        EV: 14    Int: 18    God:    Vehumet [*.....]
Gold:   60         SH:  0    Dex: 13    Spells: 4/9 levels left

rFire    . . .     SeeInvis .   e - +0 short sword
rCold    . . .     Gourm    .   (no shield)
rNeg     . . .     Faith    .   (helmet restricted)
rPois    .         Spirit   .   (no amulet)
rElec    .         Reflect  .   (no ring)
rCorr    .         Harm     .   (no ring)
MR       .....                  (no ring)
Stlth    ++++......             (no ring)
HPRegen  0.10/turn              (no ring)
MPRegen  0.11/turn              (no ring)
                                (no ring)
                                (no ring)

@: lethally poisoned (-6 -> -8)
A: almost no armour, stealthy swim, amphibious, 8 rings, constrict 8, camouflage
1, gelatinous body 1
a: Renounce Religion


You were on level 3 of the Dungeon.
You worshipped Vehumet.
Vehumet was aware of your devotion.
You were not hungry.

You visited 2 branches of the dungeon, and saw 4 of its levels.

You collected 60 gold pieces.

Inventory:

Hand Weapons
 e - a +0 short sword (weapon)
Missiles
 a - 116 stones (quivered)
Wands
 g - a wand of iceblast (8)
Scrolls
 d - a scroll of holy word
 j - 2 scrolls of remove curse
 k - a scroll of amnesia
 l - a scroll of teleportation
Potions
 f - a potion of magic
 h - a potion of haste
 i - a potion of resistance
Comestibles
 b - 10 rations
 c - 4 chunks of flesh


   Skills:
 + Level 0.4 Short Blades
 + Level 0.1 Throwing
 + Level 2.1(3.3) Dodging
 + Level 3.7(5.1) Stealth
 + Level 2.5(3.3) Spellcasting
 + Level 5.6 Conjurations


You had 4 spell levels left.
You knew the following spells:

 Your Spells              Type           Power        Failure   Level  Hunger
a - Magic Dart            Conj           ###.         1%          1    None
b - Dazzling Flash        Conj/Hex       ###...       8%          3    ###....
c - Foxfire               Conj/Fire      ###.         2%          1    None

Your spell library contained the following spells:

 Spells                   Type           Power        Failure   Level  Hunger
 Searing Ray              Conj           ###...       2%          2    ##.....
 Fulminant Prism          Conj/Hex       ###.......   26%         4    ####...
 Iskenderun's Mystic Bla  Conj/Tloc      ###.....     26%         4    ####...


Dungeon Overview and Level Annotations

Branches:
Dungeon (3/10)             Temple (1/1) D:2

Altars:
Cheibriados
Dithmenos
Elyvilon
Fedhas
Gozag
Kikubaaqudgha
Makhleb
Nemelex Xobeh
Okawaru
Trog
Vehumet
Xom
Yredelemnul
Zin
The Shining One

Annotations:
D:3 Natasha


Innate Abilities, Weirdness & Mutations

You cannot wear most types of armour.
You are very stealthy in the water. (Stealth+)
You are amphibious.
You can wear up to eight rings at the same time.
You can use your tentacles to constrict eight enemies at once.
Your skin changes colour to match your surroundings (Stealth+).
Your rubbery body absorbs attacks. (AC +1, EV +1)


Message History

The magic dart hits Natasha but does no damage.
Natasha is severely wounded.
You constrict the shadow imp, but do no damage.
Natasha barely misses you. The shadow imp hits you.
The crimson imp disappears for a moment.
The crimson imp blinks!
You hit Natasha but do no damage. You grab Natasha.
Natasha is severely wounded.
You constrict Natasha, but do no damage.
You constrict the shadow imp, but do no damage.
You feel sick. Natasha misses you. The shadow imp closely misses you.
You hit Natasha.
Natasha is severely wounded.
You constrict Natasha. You constrict the shadow imp.
Natasha mumbles some strange words.
Natasha glows brightly for a moment.
Natasha claws you!
* * * LOW HITPOINT WARNING * * *
The crimson imp blinks!
The shadow imp misses you. Natasha claws you!
You die...

#.# .......#..##.##.#.#
#.# #<######...#..#.#.#
#.####### #.#.##.#<#.#
#....÷.# #.#.. .#.#.#
######.#
######.##.#.#....
#..#.##.##..... ...# ###
#.......##....###.### ..#
#....#####...%...... ..#
#....# #..@5..# .#
..###....#####...h.###.#
..#....................##
..#.#########.#.........#
..#.............#.....#.#
..#...#######...#.....#
..#.#...... ....#.....# .
..#.#############.§...#
.# ..#.....# #.....##..


You could see Natasha and a shadow imp.

Vanquished Creatures
  Natasha (D:3)
  4 adders
  A worm (D:2)
  A dart slug (D:1)
  2 leopard geckos
  An orc (D:3)
  10 bats
  3 giant cockroaches
  8 goblins
  6 hobgoblins
  6 jackals
  6 kobolds
  2 ball pythons (D:1)
  3 frilled lizards
  7 rats
61 creatures vanquished.

Vanquished Creatures (others)
  6 foxfires (D:3)
6 creatures vanquished.

Grand Total: 67 creatures vanquished

Notes
Turn   | Place    | Note
-------+----------+-------------------------------------------
     0 | D:1      | Dorkslayer the Octopode Conjurer began the quest for the
                  | Orb.
     0 | D:1      | Reached XP level 1. HP: 11/11 MP: 3/3
   123 | D:1      | Reached XP level 2. HP: 17/17 MP: 0/5
   633 | D:1      | Reached XP level 3. HP: 21/21 MP: 3/6
  1000 | D:2      | Found a blossoming altar of Fedhas.
  1112 | D:2      | Found a staircase to the Ecumenical Temple.
  1121 | Temple   | Entered the Ecumenical Temple
  1176 | Temple   | Became a worshipper of Vehumet
  1294 | D:2      | Reached skill level 5 in Conjurations
  1510 | D:2      | Reached XP level 4. HP: 27/27 MP: 1/7
  1725 | D:3      | Noticed Natasha
  1764 | D:3      | Killed Natasha
  1786 | D:3      | Reached XP level 5. HP: 28/31 MP: 1/8
  1949 | D:3      | Learned a level 3 spell: Dazzling Flash
  1960 | D:3      | Reached * piety under Vehumet
  1960 | D:3      | Offered knowledge of Foxfire by Vehumet.
  1963 | D:3      | Learned a level 1 spell: Foxfire
  1985 | D:3      | Noticed Natasha
  2007 | D:3      | Mangled by Natasha

Levels and vault maps discovered:
D:1:      minmay_arrival_shattered_statue, layout_loops_ring
D:2:      layout_rooms, lemuel_temple_firewalk_a, grunt_ministairs_2,
          fedhas_altar_fruit_tree
D:3:      minmay_wonky_spiral, layout_basic, uniq_natasha
Temple:   eino_temple_water

Skill      XL: |  1  2  3 |
---------------+----------+-----
Stealth        | 3 |  3.7
Conjurations   | 5 |  5.6
Short Blades   | |  0.4
Throwing       | |  0.1
Dodging        | |  2.1
Spellcasting   | |  2.5

Action                   |  1- 3 |  4- 6 || total
-------------------------+-------+-------++-------
Melee: Unarmed           |     5 |       ||     5
       Constrict         |     6 |     9 ||    15
       Tentacles         |     3 |     1 ||     4
       Short sword       |    18 |    33 ||    51
Throw: Stone             |     2 |     1 ||     3
 Cast: Magic Dart        |    64 |    32 ||    96
       Foxfire           |       |     3 ||     3
 Stab: Sleeping          |     1 |     2 ||     3
  Eat: Chunk             |     2 |     1 ||     3
Armor: Skin              |     4 |     2 ||     6
Dodge: Dodged            |    15 |    26 ||    41
